 Dungeon Crawl Stone Soup version 0.21.0-22-g11d5b52 (webtiles) character file.

1753 RollingDesktops the Slasher (level 9, 0/72 HPs)
             Began as a Gnoll Chaos Knight on Jan 17, 2018.
             Slain by a black bear (1 damage)
             ... on level 6 of the Dungeon on Jan 18, 2018.
             The game lasted 00:23:35 (5525 turns).

RollingDesktops the Slasher (Gnoll Chaos Knight)    Turns: 5525, Time: 00:23:54

Health: 0/72       AC: 11    Str: 19      XL:     9   Next: 6%
Magic:  23/23      EV: 11    Int: 16      God:    Xom [......]
Gold:   206        SH:  0    Dex:  2 (14) Spells: 14/15 levels left

rFire    . . .     SeeInvis .   o - +2 quarterstaff (chaos)
rCold    . . .     Gourm    .   (shield currently unavailable)
rNeg     + . .     Faith    .   r - +0 ring mail
rPois    .         Spirit   .   (helmet restricted)
rElec    .         Reflect  .   p - +0 cloak
rCorr    .         Harm     .   (no gloves)
MR       ++...                  (no boots)
Stlth    +.........             (no amulet)
HPRegen  0.22/turn              x - ring of positive energy
MPRegen  0.18/turn              w - ring of magical power

@: no status effects
A: distributed training, fangs 1, hooves 1, horns 1, iridescent scales 1, slimy
green scales 1, magic resistance 2, strong 1, sturdy frame 1, strong nose
a: Renounce Religion


You were on level 6 of the Dungeon.
You worshipped Xom.
You were a very special plaything of Xom.
You were not hungry.

You visited 1 branch of the dungeon, and saw 6 of its levels.

You collected 206 gold pieces.

Inventory:

Hand Weapons
 a - a +0 falchion of chaos
 k - a +0 falchion
 l - a +2 antimagic spear
 o - a +2 quarterstaff of chaos (weapon)
Missiles
 g - 115 stones (quivered)
Armour
 b - a +2 leather armour
 i - a +0 leather armour
 j - a +0 helmet
 p - a +0 cloak (worn)
 r - a +0 ring mail (worn)
Magical Staves
 A - an uncursed staff of wizardry
Jewellery
 e - an uncursed ring of fire
 n - an uncursed ring of fire
 v - an uncursed ring of flight {unknown}
 w - a ring of magical power (right hand)
 x - a ring of positive energy (left hand)
Wands
 u - a wand of paralysis (12)
Scrolls
 d - 2 scrolls of amnesia {unknown}
 f - 3 scrolls of identify {unknown}
 h - a scroll of remove curse {unknown}
 m - a scroll of enchant weapon {unknown}
 t - a scroll of fear
 y - 2 scrolls of teleportation {unknown}
 C - a scroll of summoning {unknown}
 D - a scroll of magic mapping
Potions
 q - a potion of might
 z - a potion of mutation {unknown}
 B - 2 potions of curing
Books
 s - Xom's Almanac of the Valley
   (Xom gifted it to you on level 3 of the Dungeon)

   Spells                             Type                      Level
   a - Summon Butterflies             Summoning                    1
   b - Petrify                        Transmutation/Earth          4
   c - Hydra Form                     Transmutation                6
   d - Dragon's Call                  Summoning                    9
Comestibles
 c - 5 rations


   Skills:
 + Level 7.6 Fighting
 + Level 3.8 Short Blades
 + Level 7.6 Long Blades
 + Level 3.8 Axes
 + Level 3.8 Maces & Flails
 + Level 3.8 Polearms
 + Level 3.8 Staves
 + Level 3.8 Slings
 + Level 3.8 Bows
 + Level 3.8 Crossbows
 + Level 3.8 Throwing
 + Level 6.0 Armour
 + Level 4.6 Dodging
 + Level 3.8 Stealth
 + Level 3.8 Shields
 + Level 3.8 Unarmed Combat
 + Level 3.8 Spellcasting
 + Level 3.1 Conjurations
 + Level 3.1 Hexes
 + Level 3.1 Charms
 + Level 3.1 Summonings
 + Level 3.1 Necromancy
 + Level 3.1 Translocations
 + Level 3.1 Transmutations
 + Level 3.1 Fire Magic
 + Level 3.1 Ice Magic
 + Level 3.1 Air Magic
 + Level 3.1 Earth Magic
 + Level 3.1 Poison Magic
 + Level 4.1 Invocations
 + Level 3.8 Evocations


You had 14 spell levels left.
You knew the following spells:

 Your Spells              Type           Power        Failure   Level  Hunger
a - Summon Butterflies    Summ           ##......     6%          1    None


Dungeon Overview and Level Annotations

Branches:
Dungeon (6/15)
 Temple: D:4-7

Altars:
Cheibriados
Qazlal
Xom
The Shining One


Innate Abilities, Weirdness & Mutations

Your experience applies equally to all skills.
You have very sharp teeth.
Your uncanny sense of smell can sniff out nearby items.
You have large cloven feet.
You have a pair of small horns on your head.
You are partially covered in iridescent scales. (AC +2)
You are partially covered in slimy green scales. (AC +2)
You are highly resistant to hostile enchantments. (MR++)
Your muscles are strong. (Str +2)
Your movements are slightly less encumbered by armour. (ER -2)


Message History

The crimson imp hits you.
* * * LOW HITPOINT WARNING * * *
Something hits you but does no damage.
You sock something! Lightning courses through something!
Reactivating autopickup.
You feel a bit more experienced. The centaur barely misses you.
The crimson imp blinks!
The centaur closely misses you.
You barely miss the crimson imp. Your headbutt misses the crimson imp.
Your bite misses the crimson imp. "This might be better!"
The black bear seems to speed up.
The centaur hits you with a shortbow.
* * * LOW HITPOINT WARNING * * *
The crimson imp hits you but does no damage.
You closely miss the crimson imp. Your kick misses the crimson imp.
The black bear bites you but does no damage.
The black bear claws you.
* * * LOW HITPOINT WARNING * * *
The black bear claws you.
You die...
Xom laughs nastily!

....... ##.._..### ..#
........ ... ... ##.....#
... ... #....>.# .... #..
##....# .....
#.#####....####.....
#..#.(h.............
#...5@c.............
#.((((ยง...#..##.....
#######...##.# ....
#...##.## ...
###########..# ##
##.....# ##.# ####...##.#
#.###### #......##.####
#..#...##
####...##....####......##


You could see a black bear, a centaur and a crimson imp.

Vanquished Creatures
  The ghost of skk the Skirmisher, an amateur BaFi (D:4)
  A hornet zombie (D:3)
  A sky beast (D:4)
  2 ogres
  A bullfrog (D:5)
  A gnoll sergeant (D:4)
  A howler monkey (D:6)
  A bullfrog zombie (D:5)
  4 crimson imps (D:4)
  2 hounds (D:4)
  Crazy Yiuf (D:2)
  A bullfrog skeleton (D:6)
  2 gnoll shamans (D:4)
  A jelly (D:5)
  An orc wizard (D:5)
  2 worker ants
  6 adders
  39 gnolls
  A shadow imp (D:5)
  An ooze (D:4)
  An adder skeleton (D:5)
  4 worms
  4 dart slugs
  4 leopard geckos
  7 orcs
  2 ball pythons (D:3)
  7 bats
  3 giant cockroaches
  5 hobgoblins
  21 jackals
  A quokka (D:4)
  4 frilled lizards
  7 goblins
  A jackal skeleton (D:5)
  3 kobolds (D:3)
  A quokka zombie (D:5)
  4 rats
  2 plants (D:4)
151 creatures vanquished.

Vanquished Creatures (others)
  A quasit (D:5)
1 creature vanquished.

Grand Total: 152 creatures vanquished

Notes
Turn   | Place    | Note
-------+----------+-------------------------------------------
     0 | D:1      | RollingDesktops the Gnoll Chaos Knight began the quest for the Orb.
     0 | D:1      | Reached XP level 1. HP: 23/23 MP: 1/1
    46 | D:1      | Upgraded the game from 0.21.0-3-g78d12a8 to 0.21.0-22-g11d5b52
   191 | D:1      | XOM: cloud trail
   238 | D:1      | Reached XP level 2. HP: 24/29 MP: 2/2
   611 | D:1      | XOM: harmless Necr miscast
   766 | D:1      | Reached XP level 3. HP: 30/35 MP: 3/3
   778 | D:1      | XOM: mild Chrm miscast
   924 | D:1      | XOM: cloud trail
  1069 | D:2      | Reached skill level 1 in Invocations
  1168 | D:2      | Found a runed door.
  1169 | D:2      | XOM: mild Erth miscast
  1172 | D:2      | Noticed Crazy Yiuf
  1187 | D:2      | Killed Crazy Yiuf
  1187 | D:2      | Reached skill level 1 in Short Blades
  1187 | D:2      | Reached skill level 1 in Axes
  1187 | D:2      | Reached skill level 1 in Maces & Flails
  1187 | D:2      | Reached skill level 1 in Polearms
  1187 | D:2      | Reached skill level 1 in Staves
  1187 | D:2      | Reached skill level 1 in Slings
  1187 | D:2      | Reached skill level 1 in Bows
  1187 | D:2      | Reached skill level 1 in Crossbows
  1187 | D:2      | Reached skill level 1 in Throwing
  1187 | D:2      | Reached skill level 1 in Stealth
  1187 | D:2      | Reached skill level 1 in Shields
  1187 | D:2      | Reached skill level 1 in Unarmed Combat
  1187 | D:2      | Reached skill level 1 in Spellcasting
  1187 | D:2      | Reached skill level 1 in Evocations
  1187 | D:2      | Reached XP level 4. HP: 34/41 MP: 5/5
  1312 | D:2      | Noticed an ogre
  1317 | D:2      | XOM: butterfly on damage
  1337 | D:2      | Killed an ogre
  1337 | D:2      | Reached skill level 1 in Conjurations
  1337 | D:2      | Reached skill level 1 in Hexes
  1337 | D:2      | Reached skill level 1 in Charms
  1337 | D:2      | Reached skill level 1 in Summonings
  1337 | D:2      | Reached skill level 1 in Necromancy
  1337 | D:2      | Reached skill level 1 in Translocations
  1337 | D:2      | Reached skill level 1 in Transmutations
  1337 | D:2      | Reached skill level 1 in Fire Magic
  1337 | D:2      | Reached skill level 1 in Ice Magic
  1337 | D:2      | Reached skill level 1 in Air Magic
  1337 | D:2      | Reached skill level 1 in Earth Magic
  1337 | D:2      | Reached skill level 1 in Poison Magic
  1337 | D:2      | Reached XP level 5. HP: 4/47 MP: 5/7
  1676 | D:2      | Found a snail-covered altar of Cheibriados.
  1830 | D:2      | XOM: 3-stop teleportation journey
  1841 | D:2      | XOM: cloud trail
  1984 | D:2      | Found a glowing golden altar of the Shining One.
  2136 | D:3      | XOM: cast spell 'Ring of Flames'
  2155 | D:3      | XOM: cleaving
  2158 | D:3      | XOM: butterfly on damage
  2159 | D:3      | Reached XP level 6. HP: 32/53 MP: 8/8
  2176 | D:3      | Reached skill level 5 in Armour
  2327 | D:3      | HP: 1/53 [gnoll (3)]
  2694 | D:3      | XOM: god gift: sparkling book {god gift}
  2694 | D:3      | Identified Xom's Almanac of the Valley (Xom gifted it to you on level 3 of the Dungeon)
  2698 | D:3      | Learned a level 1 spell: Summon Butterflies
  2937 | D:4      | XOM: give mutations
  2937 | D:4      | Gained mutation: Your movements are slightly less encumbered by armour. (ER -2) [Xom's grace]
  2937 | D:4      | Gained mutation: You are partially covered in slimy green scales. (AC +2) [Xom's grace]
  2937 | D:4      | Gained mutation: You are resistant to hostile enchantments. (MR+) [Xom's grace]
  2937 | D:4      | Gained mutation: You have a pair of small horns on your head. [Xom's grace]
  2951 | D:4      | Noticed a sky beast
  2957 | D:4      | Killed a sky beast
  2957 | D:4      | Reached XP level 7. HP: 45/59 MP: 10/10
  2996 | D:4      | XOM: enchant monster (good)
  3039 | D:4      | Noticed skk's ghost (amateur BaFi)
  3041 | D:4      | XOM: scenery: create altars
  3055 | D:4      | Killed skk's ghost
  3265 | D:4      | XOM: give mutations
  3265 | D:4      | Gained mutation: Your muscles are strong. (Str +2) [Xom's grace]
  3265 | D:4      | Gained mutation: You are partially covered in iridescent scales. (AC +2) [Xom's grace]
  3265 | D:4      | Gained mutation: You have large cloven feet. [Xom's grace]
  3265 | D:4      | Gained mutation: You are highly resistant to hostile enchantments. (MR++) [Xom's grace]
  3378 | D:4      | XOM: cast spell 'Chain of Chaos'
  3413 | D:4      | Reached XP level 8. HP: 33/67 MP: 12/12
  3416 | D:4      | XOM: blink monster(s)
  3423 | D:4      | XOM: 2-stop teleportation journey
  3740 | D:4      | Found a shimmering altar of Xom.
  3749 | D:4      | XOM: 1-stop teleportation journey
  3972 | D:4      | XOM: enchant monster (good)
  4067 | D:4      | XOM: polymorph gnoll -> bat
  4378 | D:4      | XOM: scenery: 1 doors close
  4509 | D:4      | XOM: scenery: 5 doors close
  4613 | D:4      | XOM: mild Erth miscast
  4616 | D:4      | XOM: summons 4 hostile demons
  4748 | D:5      | Entered Level 5 of the Dungeon
  4761 | D:5      | XOM: blink monster(s)
  4786 | D:5      | XOM: polymorph jackal -> gnoll
  4944 | D:5      | Found a stormy altar of Qazlal.
  5051 | D:5      | XOM: blink monster(s)
  5059 | D:5      | XOM: polymorph crimson imp -> quasit
  5161 | D:5      | XOM: noise
  5179 | D:5      | XOM: summons 4 hostile demons
  5219 | D:5      | XOM: harmless Air miscast
  5385 | D:5      | Reached XP level 9. HP: 66/72 MP: 14/14
  5494 | D:6      | Found a snail-covered altar of Cheibriados.
  5500 | D:6      | XOM: enchant monster (bad)
  5503 | D:6      | XOM: repel stairs
  5504 | D:6      | XOM: enchant monster (bad)
  5524 | D:6      | XOM: enchant monster (bad)
  5524 | D:6      | HP: 2/72 [centaur/shortbow (5)]
  5525 | D:6      | Slain by a black bear

Skill      XL: |  1  2  3  4  5  6  7  8  9 |
---------------+----------------------------+-----
Invocations    | 1 2 3 4 |  4.1
Short Blades   | 1 2 3 |  3.8
Axes           | 1 2 3 |  3.8
Maces & Flails | 1 2 3 |  3.8
Polearms       | 1 2 3 |  3.8
Staves         | 1 2 3 |  3.8
Slings         | 1 2 3 |  3.8
Bows           | 1 2 3 |  3.8
Crossbows      | 1 2 3 |  3.8
Throwing       | 1 2 3 |  3.8
Stealth        | 1 2 3 |  3.8
Shields        | 1 2 3 |  3.8
Unarmed Combat | 1 2 3 |  3.8
Spellcasting   | 1 2 3 |  3.8
Evocations     | 1 2 3 |  3.8
Conjurations   | 1 2 3 |  3.1
Hexes          | 1 2 3 |  3.1
Charms         | 1 2 3 |  3.1
Summonings     | 1 2 3 |  3.1
Necromancy     | 1 2 3 |  3.1
Translocations | 1 2 3 |  3.1
Transmutations | 1 2 3 |  3.1
Fire Magic     | 1 2 3 |  3.1
Ice Magic      | 1 2 3 |  3.1
Air Magic      | 1 2 3 |  3.1
Earth Magic    | 1 2 3 |  3.1
Poison Magic   | 1 2 3 |  3.1
Dodging        | 3 4 |  4.6
Armour         | 5 6 |  6.0
Fighting       | 7 |  7.6
Long Blades    | 7 |  7.6

Action                   |  1- 3 |  4- 6 |  7- 9 || total
-------------------------+-------+-------+-------++-------
Melee: Falchion          |    48 |       |       ||    48
       Bite              |     7 |     7 |    32 ||    46
       Punch             |     1 |       |       ||     1
       Quarterstaff      |       |   101 |   296 ||   397
       Headbutt          |       |       |    42 ||    42
       Kick              |       |       |    55 ||    55
  Use: Potion            |       |     6 |     3 ||     9
       Scroll            |       |     2 |       ||     2
 Stab: Petrifying        |     1 |       |     1 ||     2
       Paralysed         |     1 |       |     3 ||     4
       Confused          |     1 |       |     2 ||     3
       Petrified         |       |     3 |       ||     3
       Sleeping          |       |     1 |       ||     1
       Distracted        |       |       |     1 ||     1
  Eat: Chunk             |       |     2 |       ||     2
       Ration            |       |     2 |     2 ||     4
Armor: Leather armour    |    16 |    32 |       ||    48
       Ring mail         |       |     3 |   379 ||   382
       Skin              |       |       |    33 ||    33
Dodge: Dodged            |    46 |    74 |   575 ||   695
       Rpst.: Falchion   |    15 |       |       ||    15
